 Dungeon Crawl Stone Soup version 0.28-a0-895-g6e5f11bd55 (webtiles) character file.

Game seed: 9471149667545731516

1100 Anon1729 the Skirmisher (level 8, -1/64 HPs)
             Began as a Demonspawn Berserker on Nov 22, 2021.
             Was a Believer of Trog.
             Slain by a gnoll (7 damage)
             ... on level 6 of the Dungeon.
             The game lasted 00:04:04 (6982 turns).

Anon1729 the Skirmisher (Demonspawn Berserker)      Turns: 6982, Time: 00:04:05

Health: -1/64      AC:  5    Str: 20    XL:     8   Next: 10%
Magic:  8/8        EV: 18    Int:  9    God:    Trog [**....]
Gold:   261        SH:  0    Dex: 12    Spells: 7/7 levels left

rFire   . . .      SeeInvis .   a - +0 hand axe
rCold   . . .      Faith    .   (no shield)
rNeg    . . .      Spirit   .   b - +0 animal skin
rPois   .          Reflect  .   (no helmet)
rElec   .          Harm     .   (no cloak)
rCorr   .          Rampage  .   (no gloves)
Will    +....                   (no boots)
Stlth   +.........              (no amulet)
HPRegen 0.20/turn               h - ring of willpower
MPRegen 0.11/turn               (no ring)

@: mighty, agile, on berserk cooldown, slowed, very slow
A: slimy green scales 2, ignite blood 1, powered by pain 1
a: Renounce Religion, Berserk, Trog's Hand


You were on level 6 of the Dungeon.
You worshipped Trog.
Trog was pleased with you.
You visited 1 branch of the dungeon, and saw 6 of its levels.

You collected 261 gold pieces.

Inventory:

Hand Weapons
 a - a +0 hand axe (weapon)
 d - a +3 antimagic whip
Missiles
 n - 2 throwing nets
Armour
 b - a +0 animal skin (worn)
Jewellery
 h - a ring of willpower (left hand)
Wands
 u - a wand of flame (31)
Scrolls
 e - 4 scrolls of identify {unknown}
 g - a scroll of blinking {unknown}
 k - 3 scrolls of amnesia {unknown}
 l - a scroll of teleportation {unknown}
 m - a scroll of immolation {unknown}
 q - a scroll of vulnerability {unknown}
 s - a scroll of enchant weapon {unknown}
 t - a scroll of magic mapping {unknown}
 v - a scroll of fear {unknown}
Potions
 c - 6 potions of curing {unknown}
 f - 2 potions of invisibility {unknown}
 i - 2 potions of lignification {unknown}
 j - 2 potions of might {unknown}
 o - 2 potions of degeneration {unknown}
 p - a potion of attraction {unknown}
 r - a potion of flight {unknown}


   Skills:
 + Level 5.6 Fighting
 + Level 5.0 Axes
 + Level 4.6 Armour
 + Level 4.6 Dodging


You had 7 spell levels left.
You didn't know any spells.
Your spell library was empty.

Dungeon Overview and Level Annotations

Branches:
Dungeon (6/15)             Temple (0/1) D:5

Altars:
Cheibriados
Elyvilon
Xom


Innate Abilities, Weirdness & Mutations

You are mostly covered in slimy green scales. (AC +3)
Your demonic aura sometimes causes spilled blood to erupt in flames.
You sometimes gain a little power by taking damage.


Message History

Something hits you.
You slash something! Trog accepts your kill.
Trog appreciates your killing of a magic user.
Reactivating autopickup.
You feel a bit more experienced.
You barely miss the gnoll. You completely miss the adder.
The adder bites you but does no damage. The gnoll misses you.
The gnoll hits you with a +0 halberd.
* * * LOW HITPOINT WARNING * * *
The adder closely misses you.
Your Axes skill increases to level 5!
You have reached level 8!
You feel stronger.
Your demonic ancestry asserts itself...
Slimy green scales spread over more of your body.
You miss the adder. You slash the gnoll!
You are no longer berserk.
You are exhausted.
You feel yourself slow down.
The gnoll hits you from afar with a +3 spear.
* * * LOW HITPOINT WARNING * * *
The adder barely misses you. The gnoll closely misses you.
You closely miss the gnoll.
The gnoll is severely wounded.
You closely miss the adder. The adder bites you but does no damage.
An ufetubus comes into view.
The gnoll completely misses you. x2; The adder bites you but does no damage.
You barely miss the gnoll.
The gnoll is severely wounded.
You slash the adder! The gnoll misses you. The gnoll barely misses you.
The adder misses you.
The gnoll hits you from afar with a +3 spear!
* * * LOW HITPOINT WARNING * * *
The gnoll completely misses you.
You slash the gnoll!
You kill the gnoll!
Trog accepts your kill.
You barely miss the adder. The adder bites you but does no damage.
The adder closely misses you.
The gnoll hits you from afar with a +3 spear!
You die...

..♣ .. ..?#
⌠..#..?8...#
..........#
...#..... #......
#...#.## .
#...#..#....
#..5.g......
###@##......
#°○S.......
..............###
......##......#
...... .##!...#
..... . ....#
....# > ....#
.... .. ..... .#.
...


You could see a gnoll, an adder and an ufetubus.

Vanquished Creatures
  Sigmund (D:6)
  A black bear (D:4)
  An ice beast (D:6)
  A sky beast (D:5)
  An ogre (D:4)
  A necrophage (D:4)
  A howler monkey (D:6)
  A hound (D:5)
  A bullfrog skeleton (D:5)
  2 gnoll shamans
  2 iguanas (D:5)
  An orc wizard (D:3)
  A scorpion zombie (D:5)
  A hound skeleton (D:4)
  A howler monkey zombie (D:5)
  8 gnolls
  5 adders
  2 ufetubi
  An adder skeleton (D:4)
  3 worms
  3 dart slugs
  8 orcs
  2 ball pythons
  5 bats
  5 endoplasms
  A giant cockroach (D:4)
  8 goblins
  9 hobgoblins
  10 jackals
  3 quokkas
  A frilled lizard (D:1)
  7 kobolds
  3 rats
101 creatures vanquished.

Notes
Turn   | Place    | Note
-------+----------+-------------------------------------------
     0 | D:1      | Anon1729 the Demonspawn Berserker began the quest for the
                  | Orb.
     0 | D:1      | Reached XP level 1. HP: 18/18 MP: 1/1
    27 | D:1      | Found a faded altar of an unknown god.
   174 | D:1      | Gained mutation: You are partially covered in slimy green
                  | scales. (AC +2) [demonic ancestry]
   174 | D:1      | Reached XP level 2. HP: 3/24 MP: 2/2
  1119 | D:2      | Gained mutation: You sometimes gain a little power by
                  | taking damage. [demonic ancestry]
  1119 | D:2      | Reached XP level 3. HP: 22/29 MP: 3/3
  1406 | D:2      | Found a shimmering altar of Xom.
  2330 | D:2      | Reached ** piety under Trog
  2617 | D:3      | Found a snail-covered altar of Cheibriados.
  2767 | D:3      | Gained mutation: Your demonic aura sometimes causes spilled
                  | blood to erupt in flames. [demonic ancestry]
  2767 | D:3      | Reached XP level 4. HP: 25/35 MP: 4/4
  3594 | D:4      | Reached XP level 5. HP: 13/42 MP: 5/5
  3839 | D:4      | Found a shimmering altar of Xom.
  4196 | D:4      | Noticed a black bear
  4205 | D:4      | Killed a black bear
  4206 | D:4      | Reached XP level 6. HP: 39/48 MP: 6/6
  5199 | D:4      | Reached XP level 7. HP: 55/55 MP: 7/7
  5487 | D:5      | Entered Level 5 of the Dungeon
  5585 | D:5      | Found a staircase to the Ecumenical Temple.
  5761 | D:5      | Reached skill level 5 in Fighting
  6960 | D:6      | Noticed Sigmund
  6978 | D:6      | Killed Sigmund
  6979 | D:6      | Reached skill level 5 in Axes
  6979 | D:6      | Gained mutation: You are mostly covered in slimy green
                  | scales. (AC +3) [demonic ancestry]
  6979 | D:6      | Reached XP level 8. HP: 27/64 MP: 8/8
  6982 | D:6      | Slain by a gnoll

Illustrated notes

Levels and vault maps discovered:
D:1:      minmay_arrival_glassed_features, layout_basic,
          hellmonk_ecumenical_altar_arch_garden
D:2:      layout_loops_corners, basic_altar
D:3:      layout_loops_ring, nicolae_elyvilon_temple_path, lemuel_tele_altar,
          grunt_ministairs_15, grunt_decor_one_mirror, kennysheep_crisscross,
          glass_columns_b
D:4:      layout_basic, mainiacjoe_overflow_alcove_2,
          lightli_ossuary_entry_decrepit_ruins
D:5:      layout_cave_pods, minmay_temple_entry_mini_moons, grunt_ministairs_15
D:6:      layout_cave_pools, grunt_gozag_breadcrumbs,
          lemuel_coloured_pillars_altar, serial_column_ruins,
          column_ruins_courtyard_long, column_ruins_hut,
          column_ruins_open_small, column_ruins_open_tiny,
          column_ruins_open_small, column_ruins_grid_3, column_ruins_grid_1,
          minmay_fountain_box, nicolae_shop_fire_sale [nicolae_sub_dead_trees],
          minmay_joined_circles, uniq_crazy_yiuf_cottage, uniq_sigmund

Skill      XL: |  1  2  3  4  5  6  7 |
---------------+----------------------+-----
Armour         | 2 3 4 |  4.6
Dodging        | 2 3 4 |  4.6
Axes           | 3 4 5 |  5.0
Fighting       | 4 5 |  5.6

Action                   |  1- 3 |  4- 6 |  7- 9 || total
-------------------------+-------+-------+-------++-------
Melee: Hand axe          |   156 |   150 |   105 ||   411
Throw: Throwing net      |       |     1 |       ||     1
Invok: Berserk           |     1 |     3 |     3 ||     7
 Stab: Sleeping          |       |     2 |       ||     2
Armor: Animal skin       |    40 |    61 |    24 ||   125
Dodge: Dodged            |   106 |   128 |    84 ||   318

Table legend: (Time is in decaauts)
 A = Elapsed time spent in this place.
 B = Non-inter-level travel time spent in this place.
 C = Inter-level travel time spent in this place.
 D = Time resting spent in this place.
 E = Time spent auto-exploring this place.
 F = Levels seen in this place.
 G = Mean time per level.
                   A        B        C        D        E       F      G
               +--------+--------+--------+--------+--------+-----+--------+
         Total |   7092 |   7016 |     76 |    847 |   5369 |   6 | 1182.0 |
       Dungeon |   7092 |   7016 |     76 |    847 |   5369 |   6 | 1182.0 |
               +--------+--------+--------+--------+--------+-----+--------+

Top non-repeatable levels by time:
     D:4: 1720 daAuts
     D:5: 1500 daAuts
     D:3: 1426 daAuts
     D:2: 1301 daAuts
     D:1: 1126 daAuts
     D:6: 17 daAuts
